[Event "Slovakia Open 2022"]
[Site "Bratislava"]
[Date "2022.10.01"]
[Round "7.28"]
[White "Prochazka, Peter"]
[Black "Dubnicka, Ferdinand"]
[Result "0-1"]
[ECO "B32"]
[WhiteElo "1792"]
[BlackElo "1494"]
[Annotator "NA COMBH"]
[PlyCount "92"]
[EventDate "2022.09.30"]
[EventCountry "SVK"]
[SourceTitle "playchess.com"]
[Source "ChessBase"]
[SourceQuality "1"]
[TimeControl "2700+10"]

1. e4 c5 2. d4 cxd4 3. c3 Nc6 4. Nf3 e5 5. Bc4 h6 6. O-O d6 7. cxd4 exd4 8. Nxd4 Nf6 9. Nc3 Be7 10. Be3 O-O 11. Bd5 Bd7 12. Rc1 Rc8 13. h3 a6 14. Qd2 Nh7 15. f4 Kh8 16. Nf3 Be6 17. Rfd1 Nf6 18. f5 Bxd5 19. exd5 Nb8 20. Ne2 Ne4 21. Qe1 Rxc1 22. Nxc1 Bf6 23. Qb4 Qe7 24. Re1 Re8 25. Nd3 b5 26. Nf4 Qd7 27. Ne6 Nc5 28. Bxc5 dxc5 29. Qxc5 fxe6 30. dxe6 Qb7 31. b3 Nc6 32. Rd1 Qa7 33. Qxa7 Nxa7 34. Rd7 Nc6 35. Rc7 Ne7 36. g4 Ra8 37. h4 Nd5 38. Rd7 Nc3 39. g5 hxg5 40. hxg5 Bd8 41. Ne5 Bb6+ 42. Kg2 Ne4 43. Nf7+ Kg8 44. Rd3 Re8 45. Kf3 Nc5 46. g6 Nxd3 0-1

[Event "Slovakia Open 2022"]
[Site "Bratislava"]
[Date "2022.10.01"]
[Round "7.29"]
[White "Durovka, Stefan"]
[Black "Benci, Jozef"]
[Result "0-1"]
[ECO "D94"]
[WhiteElo "1783"]
[BlackElo "1873"]
[Annotator "NA RC COMBH"]
[PlyCount "177"]
[EventDate "2022.09.30"]
[EventCountry "SVK"]
[SourceTitle "playchess.com"]
[Source "ChessBase"]
[SourceQuality "1"]
[TimeControl "2700+10"]

1. Nf3 Nf6 2. c4 c5 3. Nc3 g6 4. e3 Bg7 5. d4 cxd4 6. exd4 O-O 7. Bd3 d5 8. O-O Nc6 9. Be3 Bg4 10. Be2 e6 11. c5 Bxf3 12. Bxf3 Ne7 13. b4 Nf5 14. Bg5 Qd7 15. g4 Ne7 16. Re1 Nc6 17. b5 Nxd4 18. Bxf6 Bxf6 19. Rb1 Rac8 20. Na4 Nxb5 21. Rb4 Nc3 22. Qb3 Nxa4 23. Rxa4 a6 24. Rb4 Rc7 25. Rc1 Rb8 26. Rb6 Rc6 27. Be2 Qc7 28. Rc2 Bd8 29. Bxa6 Rxb6 30. cxb6 Qxb6 31. Qxb6 Bxb6 32. Bb5 Rd8 33. Kf1 Kf8 34. Ke2 Ke7 35. f4 Kd6 36. Kd3 Bc5 37. h3 Ra8 38. a4 b6 39. h4 Rf8 40. Rh2 f6 41. Rh3 e5 42. fxe5+ fxe5 43. g5 e4+ 44. Ke2 Rf2+ 45. Ke1 Rf3 46. Rh2 Ra3 47. Be2 Rxa4 48. h5 Ra1+ 49. Bd1 Bb4+ 50. Kf2 Rxd1 51. hxg6 hxg6 52. Rh6 Rd2+ 53. Kf1 Rd1+ 54. Ke2 Rd2+ 55. Kf1 Ke5 56. Rxg6 Kf5 57. Rg8 Bc5 58. g6 Rd1+ 59. Ke2 Rg1 60. g7 Kf6 61. Rd8 Rxg7 62. Rxd5 Rg5 63. Rd7 Ke6 64. Rd8 e3 65. Kf3 Rf5+ 66. Ke2 Rd5 67. Re8+ Kd6 68. Rd8+ Kc6 69. Rc8+ Kb5 70. Re8 Rd2+ 71. Kf3 Rf2+ 72. Kg3 Rd2 73. Kf3 Kc4 74. Rc8 e2 75. Re8 Rd3+ 76. Kxe2 Re3+ 77. Rxe3 Bxe3 78. Kxe3 Kc3 79. Ke2 Kc2 80. Ke3 b5 81. Kd4 b4 82. Kc4 b3 83. Kb4 b2 84. Ka3 Kc1 85. Ka2 b1=Q+ 86. Ka3 Kc2 87. Ka4 Kc3 88. Ka5 Kc4 89. Ka6 0-1

[Event "Slovakia Open 2022"]
[Site "Bratislava"]
[Date "2022.10.01"]
[Round "7.30"]
[White "Nosal, Tobias"]
[Black "Csontos, Aron"]
[Result "0-1"]
[ECO "E07"]
[WhiteElo "1601"]
[BlackElo "1962"]
[Annotator "TA"]
[PlyCount "126"]
[EventDate "2022.09.30"]
[EventCountry "SVK"]
[SourceTitle "playchess.com"]
[Source "ChessBase"]
[SourceQuality "1"]
[TimeControl "2700+10"]

1. d4 Nf6 2. c4 e6 3. g3 d5 4. Bg2 Be7 5. Nf3 c6 6. O-O Nbd7 7. Nbd2 b6 8. b3 Bb7 9. Bb2 O-O 10. Re1 {[%emt 0:00:55] E07: Closed Catalan: Main Line (5 Nf3 0-0 6 0-0 Nbd7).} c5 11. Ne5 cxd4 12. Bxd4 {[%emt 0:01:28] The position is equal.} Nxe5 13. Bxe5 Qd7 {[%emt 0:00:51] [#]} 14. Rc1 $146 ({Predecessor:} 14. e4 Rfd8 15. cxd5 exd5 16. Bxf6 Bxf6 17. e5 Be7 18. e6 fxe6 19. Bh3 {½-½ (68) Yuffa,D (2522)-Gelfand,B (2697) Moscow 2017}) 14... Rfd8 15. Nf3 (15. e3 $11) 15... dxc4 $15 16. Qxd7 Nxd7 17. Rxc4 Bxf3 18. exf3 Nxe5 19. Rxe5 Rd1+ (19... Rd2 $5 20. f4 Rad8 $17) 20. Bf1 Rad8 21. Kg2 g6 (21... R8d2 {keeps more tension.} 22. Rc7 Bd6 23. Rc8+ Bf8) 22. Re2 a5 23. Rec2 Bc5 24. Be2 R1d2 25. f4 Kf8 26. Kf3 Ke7 27. R4c3 f6 28. Rc4 e5 29. fxe5 fxe5 30. Kg2 R8d4 31. R4c3 Ke6 32. Bc4+ Ke7 33. Rxd2 (33. Be2 $11 {keeps the balance.}) 33... Rxd2 $11 {[%emt 0:00:02][%mdl 4096] Endgame KRB-KRB} 34. Rf3 Bd4 ({Much weaker is} 34... Rxa2 35. b4 Ra4 36. bxc5 Rxc4 37. cxb6 $11) (34... e4 $17 35. Rf4 e3) 35. Rf7+ Kd6 36. Rxh7 $2 (36. a4 $11) 36... Rxf2+ $19 37. Kh3 e4 $2 ({Black should try} 37... Rxa2 $19 {aiming for ...Rd2.} 38. Bf7 Rb2) 38. Rh6 $2 ({Better is} 38. a4 $1 $11) 38... Rf6 $2 {[%emt 0:00:55] Black is much more active.} ({Black should play} 38... Rxa2 $17 {Strongly threatening ...e3.} 39. Rh4 Ke5) 39. Kg4 $11 Ke5 40. Rh8 Bc5 41. Re8+ Kd4 42. Rd8+ Rd6 43. Rxd6+ Bxd6 {[%emt 0:00:06] KB-KB} 44. Kg5 Ke3 45. Kxg6 Kf2 46. h4 {[%emt 0:00:14] [#] Hoping for g4.} Bxg3 (46... e3 47. g4 Kg3 48. Kh5 $18) 47. h5 {[%emt 0:00:06] Kf5 is the strong threat.} e3 48. Kf5 {[%emt 0:00:14] Black must now prevent h6.} Bd6 49. h6 {[%emt 0:00:06] And now h7 would win.} Ba3 50. Ke6 e2 51. Bxe2 Kxe2 {[%emt 0:00:02] KB-K3P} 52. Kd5 Bb2 53. Kc6 Bd4 54. h7 Kd3 55. h8=Q $4 (55. Kd5 Kc3 56. Kc6 Kb4 $19) (55. Kb5 $11) 55... Bxh8 $19 56. Kxb6 {[%emt 0:00:01] KB-KPP} Bc3 {[%emt 0:00:05] Black mates.} 57. a3 {[%emt 0:00:06] [#]} Kc2 $1 58. b4 Bxb4 59. Kb5 Kb3 60. axb4 axb4 61. Kc5 Kc3 62. Kb5 b3 63. Ka4 b2 {[%emt 0:00:00] Weighted Error Value: White=0.42/Black=0.17 (very precise)} 0-1

[Event "Slovakia Open 2022"]
[Site "Bratislava"]
[Date "2022.10.01"]
[Round "7.31"]
[White "Slivka, Vasil"]
[Black "Dolnik, Michal"]
[Result "1/2-1/2"]
[ECO "D60"]
[WhiteElo "1569"]
[BlackElo "1485"]
[Annotator "NA RC COMBH"]
[PlyCount "58"]
[EventDate "2022.09.30"]
[EventCountry "SVK"]
[SourceTitle "playchess.com"]
[Source "ChessBase"]
[SourceQuality "1"]
[TimeControl "2700+10"]

1. d4 d5 2. c4 e6 3. Nf3 Nf6 4. Bg5 Be7 5. e3 h6 6. Bh4 c6 7. Bd3 Nbd7 8. O-O O-O 9. Nc3 dxc4 10. Bxc4 Nb6 11. Bb3 Nfd5 12. Bxe7 Qxe7 13. Nxd5 exd5 14. Ne5 Nd7 15. Nxd7 Bxd7 16. Rc1 f5 17. Re1 Rf6 18. g3 Be8 19. Bc2 Bg6 20. f4 Qe8 21. Qd2 Bh5 22. Bd1 Bxd1 23. Qxd1 Re6 24. Rc3 Qe7 25. Qf3 Qb4 26. Re2 Qa4 27. b3 Qb4 28. Rc5 Rae8 29. Kf2 Qb6 1/2-1/2

[Event "Slovakia Open 2022"]
[Site "Bratislava"]
[Date "2022.10.01"]
[Round "7.32"]
[White "Park, Seonjae"]
[Black "Shykhnenko, Hryhorii"]
[Result "1-0"]
[ECO "A57"]
[WhiteElo "1704"]
[BlackElo "1317"]
[Annotator "NA COMBH"]
[PlyCount "43"]
[EventDate "2022.09.30"]
[EventCountry "SVK"]
[SourceTitle "playchess.com"]
[Source "ChessBase"]
[SourceQuality "1"]
[TimeControl "2700+10"]

1. d4 Nf6 2. c4 c5 3. d5 b5 4. cxb5 a6 5. e3 g6 6. Nc3 d6 7. Nf3 Bg7 8. e4 Nbd7 9. h3 axb5 10. Bxb5 O-O 11. O-O Ba6 12. Bxa6 Rxa6 13. Qc2 Qa5 14. Bd2 Rb8 15. Rfb1 Nb6 16. Be1 Nc4 17. Nd2 Nb6 18. Nb3 Qb4 19. a3 Qc4 20. Nd2 Qd4 21. Nf3 Qc4 22. b3 1-0

[Event "Slovakia Open 2022"]
[Site "Bratislava"]
[Date "2022.10.01"]
[Round "7.33"]
[White "Ruderfer, Mark B"]
[Black "Kukan, Michal"]
[Result "0-1"]
[ECO "C34"]
[WhiteElo "2236"]
[BlackElo "1767"]
[Annotator "TA"]
[PlyCount "64"]
[EventDate "2022.09.30"]
[EventCountry "SVK"]
[SourceTitle "playchess.com"]
[Source "ChessBase"]
[SourceQuality "1"]
[TimeControl "2700+10"]

1. e4 e5 2. Nc3 Nf6 3. f4 d6 4. Nf3 exf4 5. d4 Be7 6. Bxf4 {[%emt 0:00:10] C34: King's Gambit Accepted: 3 Nf3: 3...Nf6 and 3...d6.} O-O 7. Bd3 Nh5 8. Be3 {[%emt 0:00:03] [#] White is better.} Bh4+ $146 (8... Bg4 $16 {was called for.}) ({Predecessor:} 8... Bg4 9. O-O Nc6 10. Nd5 Qd7 11. b4 Rae8 12. h3 Ng3 13. hxg4 Nxf1 14. Qxf1 Qxg4 {1-0 (31) Draghici Flutur,G (2193)-Mejias Gonzalez,J (1952) Fuengirola 2009}) 9. g3 $2 (9. Nxh4 $18 {is the precise move to win.} Qxh4+ 10. g3 Nxg3 11. Bf2) 9... Be7 10. Qd2 c5 11. O-O-O Bg4 12. Rdf1 (12. Be2 $16) 12... a6 (12... Nc6 $11 {remains equal.} 13. dxc5 dxc5) 13. a4 (13. dxc5 $16 dxc5 14. e5) 13... Nc6 $11 14. Be2 Qa5 (14... Nf6 $11) 15. d5 $16 Na7 (15... Nb4 $16 {keeps fighting.}) 16. e5 b5 17. exd6 Bxd6 (17... Bf6 $16) 18. Qd3 $2 (18. Ng5 $18 Bxe2 19. Qxe2) 18... Nf6 19. Ng5 (19. axb5 Nxb5 20. Nb1 c4 21. Qxc4 Rfe8 $19) 19... Bxe2 $1 20. Nxe2 ({White should try} 20. Qxe2 $14 Be5 21. Bxc5 Bxc3 22. bxc3 (22. Bxf8 Rxf8 23. bxc3 Qxc3 $14) 22... Qxc3 23. Bxf8 Rxf8 24. Qd3 Qxd3 25. cxd3) 20... c4 $11 21. Qd4 {[%emt 0:07:51] Black must now prevent Rxf6.} Qd8 {[%emt 0:06:23] Threatens to win with ...Re8.} 22. Qh4 (22. Nc3 $1 $11 Re8 23. Qh4 $1) 22... h6 $17 23. Ne4 Nxe4 ({Inferior is} 23... Nxd5 24. Bd4 Qxh4 25. gxh4 $11) 24. Qxe4 Re8 25. Qf3 Qe7 {[%emt 0:02:03] Active counter play!} 26. Bxa7 Rxa7 27. Re1 {[%emt 0:00:43] [#]} (27. Nd4 $17) 27... Qg5+ $1 $19 ({Stronger than} 27... bxa4 28. Nd4 Qg5+ 29. Kb1 $17) 28. Kb1 $2 (28. Nf4 Rae7 29. Rxe7 Qxe7 30. a5) 28... bxa4 $2 (28... Rae7 $19 {and Black stays clearly on top.} 29. Qf2 Qd2) 29. Nd4 $17 Rxe1+ (29... Rae7 $17 30. Rxe7 Qxe7) 30. Rxe1 $15 Rb7 {[%emt 0:00:11] And now ...a3 would win.} 31. Nc6 $2 {[%emt 0:00:10][%mdl 8192] [#]} (31. Re8+ $15 Kh7 32. Qf5+ Qxf5 33. Nxf5) 31... a3 $1 $19 {[%emt 0:00:10] ...Bf8 is the strong threat.} 32. Qe4 Kh8 $2 {[%emt 0:00:44] Black used his chance.  Weighted Error Value: White=0.91/Black=0.57} (32... Rxb2+ {mates} 33. Ka1 Qd2 34. Rf1 Rxc2 35. Qe8+ Bf8 36. Qxf7+ Kh7 37. Qf5+ g6 38. Qxg6+ Kxg6 39. Ne5+ Kh7 40. Rf7+ Kg8 41. Rxf8+ Kxf8 42. Nd7+ Kg7 43. h4 Qe1#) 0-1

[Event "Slovakia Open 2022"]
[Site "Bratislava"]
[Date "2022.10.01"]
[Round "7.34"]
[White "Kostic, Ivan"]
[Black "Nikpour Aryabod"]
[Result "1-0"]
[ECO "E00"]
[WhiteElo "1716"]
[BlackElo "1000"]
[Annotator "NA COMBH"]
[PlyCount "81"]
[EventDate "2022.09.30"]
[EventCountry "SVK"]
[SourceTitle "playchess.com"]
[Source "ChessBase"]
[SourceQuality "1"]
[TimeControl "2700+10"]

1. d4 d5 2. e3 Nf6 3. c4 e6 4. a3 Be7 5. Nd2 O-O 6. b3 c5 7. dxc5 Bxc5 8. b4 Bd6 9. c5 Bc7 10. Bb2 e5 11. Ngf3 e4 12. Nd4 Nc6 13. N2b3 a6 14. Nxc6 bxc6 15. Nd4 Bb7 16. g3 Qd7 17. Bg2 Rfe8 18. O-O a5 19. Qc2 axb4 20. axb4 Ba6 21. Rfc1 Bc4 22. Nb3 Qf5 23. Nd4 Qd7 24. Bf1 Bxf1 25. Rxf1 Qh3 26. f4 Ng4 27. Rfe1 Rxa1 28. Bxa1 h5 29. Qg2 Qxg2+ 30. Kxg2 Ra8 31. Bc3 Ra3 32. Bd2 Ra2 33. Re2 Bd8 34. h3 Nf6 35. Nxc6 Bc7 36. Nd4 Kf8 37. b5 Ba5 38. Bxa5 Rxa5 39. c6 Ke8 40. b6 Rc5 41. b7 1-0

[Event "Slovakia Open 2022"]
[Site "Bratislava"]
[Date "2022.10.01"]
[Round "7.35"]
[White "Nedoba, Jakub"]
[Black "Rehacek, Jan"]
[Result "1-0"]
[ECO "D10"]
[WhiteElo "1160"]
[BlackElo "1342"]
[Annotator "NA RC COMBH"]
[PlyCount "83"]
[EventDate "2022.09.30"]
[EventCountry "SVK"]
[SourceTitle "playchess.com"]
[Source "ChessBase"]
[SourceQuality "1"]
[TimeControl "2700+10"]

1. d4 d5 2. c4 Nf6 3. Bf4 Bf5 4. Nc3 c6 5. c5 Qb6 6. Qb3 e6 7. Nf3 Be7 8. e3 O-O 9. Be2 Qxb3 10. axb3 Nbd7 11. b4 Ne4 12. b5 Rfc8 13. Nxe4 Bxe4 14. b4 Nf6 15. O-O Nh5 16. Bg5 Bxg5 17. Nxg5 Bg6 18. g3 h6 19. Nf3 Nf6 20. Ne5 Ne4 21. Nxg6 fxg6 22. bxc6 Rxc6 23. b5 Rcc8 24. Rfc1 Nd2 25. Rc2 Ne4 26. Bd3 g5 27. f3 Nf6 28. Rca2 b6 29. cxb6 Rc3 30. b7 Rb8 31. Rxa7 Kf7 32. R1a6 Rxd3 33. Rb6 Nd7 34. Ra8 Rc3 35. Rxb8 Nxb8 36. Ra6 Nxa6 37. bxa6 Rb3 38. a7 Rxb7 39. a8=Q Rb3 40. e4 Rxf3 41. exd5 Re3 42. d6 1-0

[Event "Slovakia Open 2022"]
[Site "Bratislava"]
[Date "2022.10.01"]
[Round "7.36"]
[White "Rehacek, Oldrich"]
[Black "Merva Max"]
[Result "1-0"]
[ECO "A06"]
[WhiteElo "1366"]
[BlackElo "1000"]
[Annotator "NA RC COMBH"]
[PlyCount "76"]
[EventDate "2022.09.30"]
[EventCountry "SVK"]
[SourceTitle "playchess.com"]
[Source "ChessBase"]
[SourceQuality "1"]
[TimeControl "2700+10"]

1. b3 d5 2. Bb2 Nc6 3. e3 Nf6 4. Nf3 Bg4 5. Be2 e5 6. Nxe5 Nxe5 7. Bxe5 Ne4 8. Bxg4 Bd6 9. Bxd6 Qxd6 10. Bf3 Qe5 11. d4 Qd6 12. Bxe4 dxe4 13. Nd2 Qd5 14. c4 Qf5 15. O-O O-O 16. Qc2 Rae8 17. c5 c6 18. Nc4 b5 19. Nd6 Qd5 20. Nxe8 Rxe8 21. a4 b4 22. Qc4 Qxc4 23. bxc4 a5 24. d5 cxd5 25. cxd5 Rd8 26. d6 Rc8 27. d7 Rd8 28. c6 g6 29. Rfd1 b3 30. c7 Rf8 31. d8=Q b2 32. Rab1 h5 33. Qxf8+ Kxf8 34. c8=Q+ Kg7 35. Rxb2 h4 36. Rb7 g5 37. Qc7 Kg6 38. Qxf7+ Kh6 1-0

[Event "Slovakia Open 2022"]
[Site "Bratislava"]
[Date "2022.10.02"]
[Round "8.2"]
[White "Kushko, Dmitriy"]
[Black "Leniart, Arkadiusz"]
[Result "0-1"]
[ECO "A07"]
[WhiteElo "2302"]
[BlackElo "2479"]
[Annotator "TA"]
[PlyCount "87"]
[EventDate "2022.09.30"]
[EventCountry "SVK"]
[SourceTitle "playchess.com"]
[Source "ChessBase"]
[SourceQuality "1"]
[TimeControl "2700+10"]

1. g3 d5 2. Bg2 Nf6 3. Nf3 c6 4. O-O Bg4 5. h3 Bxf3 6. Bxf3 Nbd7 {[%emt 0:00:09] A07: Réti Opening: New York and Capablanca Systems.} 7. d3 e6 8. e4 Bd6 {[%emt 0:00:04] The position is equal.} 9. Nd2 Qb6 10. Kh1 h5 {[%emt 0:04:16] [#]} 11. Bg2 $146 ({Predecessor:} 11. Qe2 Ne5 12. Bg2 h4 13. g4 Ng6 14. Nb3 Bf4 15. Be3 Bxe3 16. Qxe3 Qxe3 17. fxe3 dxe4 {0-1 (38) Stanoev,A (2222)-Ipatov,A (2518) Sofia 2010}) 11... h4 12. g4 Bf4 13. exd5 Nxd5 14. Bxd5 cxd5 15. Nf3 (15. Nb3 $5 Bxc1 16. Qxc1 $11) 15... Bc7 16. Ne1 (16. Be3 $11 Qd6 17. Re1) 16... e5 {[%emt 0:02:42] Black has more active pieces.} 17. Ng2 O-O-O 18. f4 f6 19. Qf3 Qc6 20. Ne3 e4 (20... exf4 21. Nxd5 Qxc2 22. d4 $11 (22. Bxf4 Bxf4 23. Nxf4 Kb8 $11)) 21. Qg2 g6 {[%emt 0:00:36][%cal Bg7g6,Bg6g5][%mdl 32] Prevents Nf5.} 22. dxe4 dxe4 23. Bd2 Nc5 24. f5 g5 25. c4 (25. b3 $17) 25... Nd3 $19 {[%emt 0:02:45] aiming for ...Nf4.} 26. Nd5 {[%emt 0:00:06] Inhibits Nf4.} Rhe8 {[%emt 0:01:18] Inhibits Ne7+.} (26... Qxc4 27. Nxf6 Nf4 28. Bxf4 (28. Qxe4 Qd3 $11) 28... Bxf4 29. Nxe4 $14 (29. Qxe4 Rd4 $14)) 27. Be3 Kb8 (27... Be5 $19 28. Bxa7 (28. Qxe4 $2 Bf4 $19) 28... b5 29. Qxe4 Kb7 30. Nxf6 (30. Qxd3 $2 bxc4 31. Qf3 Rxd5 $19) 30... Bxf6 31. Qxc6+ Kxc6 32. cxb5+ Kxb5) 28. b3 $17 Rxd5 29. cxd5 Qxd5 30. Rad1 Qc6 {[%emt 0:00:19][%mdl 1024] Black has strong compensation.} 31. Qd2 b6 32. Rg1 (32. Qg2 $142 Qb7 33. Kg1) 32... Kb7 33. Qe2 Qd6 (33... Bf4 $17 34. Rgf1 Qd5) 34. Qg2 (34. Rd2 $1 $15) 34... Kb8 (34... Qd5 $1 $17 {...Bf4 is the strong threat.} 35. Rgf1 Qc6) 35. Qe2 Qe5 36. Qd2 ({White should play} 36. Rd2 $1 $15) 36... Nf4 ({Black should try} 36... Bd6 $19 {White must now prevent ...Rc8.} 37. Qg2 Bc5) 37. Qd4 Nxh3 38. Qxe5 Bxe5 39. Rg2 Nf4 {[%emt 0:00:19] Against Re2} 40. Rc2 Nd3 $1 41. Kg2 (41. Re2 $17) 41... h3+ $1 $19 42. Kh1 {[%emt 0:00:11] [#]} ({Avoid the trap} 42. Kxh3 $2 Rh8+ 43. Kg2 Rh2+ 44. Kf1 Rxc2 $19) (42. Kg1 $142) 42... Bf4 $1 43. Bd4 {[%emt 0:00:11] [#]} (43. Bxf4+ gxf4 44. Re2) 43... Rd8 $1 44. Bg1 {[%emt 0:00:11] Weighted Error Value: White=0.43/Black=0.16 (very precise)} 0-1

[Event "Slovakia Open 2022"]
[Site "Bratislava"]
[Date "2022.10.02"]
[Round "8.3"]
[White "Stocek, Jiri"]
[Black "Roshka, Yevgeniy"]
[Result "1-0"]
[ECO "D02"]
[WhiteElo "2559"]
[BlackElo "2497"]
[Annotator "TA"]
[PlyCount "65"]
[EventDate "2022.09.30"]
[EventCountry "SVK"]
[SourceTitle "playchess.com"]
[Source "ChessBase"]
[SourceQuality "1"]
[TimeControl "2700+10"]

1. Nf3 d5 2. d4 c6 3. Bf4 Qb6 4. Qc1 Bf5 5. e3 e6 6. Be2 Nf6 7. O-O {[%emt 0:00:38] D02: 1 d4 d5 2 Nf3 sidelines, including 2...Nf6 3 g3 and 2...Nf6 3 Bf4.} Be7 8. c4 dxc4 9. Nbd2 {[%emt 0:02:49] White is slightly better.} O-O 10. Nxc4 Qd8 11. Qd1 {[%emt 0:00:44] [#]} Na6 $146 ({Predecessor:} 11... Nbd7 12. Rc1 Nd5 13. Bg3 N7f6 14. h3 h6 15. Qb3 Qd7 16. Nce5 Qc8 17. Bd3 Bxd3 18. Qxd3 Rd8 19. a3 Nd7 {½-½ (46) Bobrova,K (1399)-Hlavinova,M (1439) Liptovsky Mikulas 2017}) 12. Rc1 Nb4 13. a3 Nbd5 14. Be5 c5 (14... a5 $11 {remains equal.}) 15. Qb3 b6 16. Rfd1 Ne4 17. Ncd2 a5 (17... Bf6 $142) 18. Nxe4 Bxe4 19. dxc5 Bxc5 20. Qc4 {[%emt 0:00:26] White is more active.} f5 21. Nd2 Qg5 {[%emt 0:04:14][%csl Ge4][%cal Rg5g2] [#]} 22. Nxe4 fxe4 23. Qxe4 {[%emt 0:00:05] aiming for Bd4.} Rxf2 $2 {[%emt 0:02:13][%mdl 8192] A mistake that costs the game.} 24. Rxc5 Raf8 {[%emt 0:04:34] [#]} 25. Rc8 Rxe2 26. Rxf8+ Kxf8 27. Qf3+ ({Not} 27. Bd6+ Ke8 $11) 27... Kg8 $2 (27... Ke8 {was called for.}) 28. Qxe2 Qxe5 29. Qd2 h6 30. Qd4 Qg5 (30... Qh5 $142 31. Rc1 Qg5) 31. e4 $18 {[%emt 0:00:37] White is clearly winning.} Nf6 32. Qxb6 e5 (32... Qe5 $142 33. Qd4 Qb5) 33. Qe6+ {[%emt 0:00:16] Weighted Error Value: White=0.32/Black=0.62} 1-0

[Event "Slovakia Open 2022"]
[Site "Bratislava"]
[Date "2022.10.02"]
[Round "8.4"]
[White "Kukelko, Alexey"]
[Black "Korobov, Anton"]
[Result "0-1"]
[ECO "B94"]
[WhiteElo "2280"]
[BlackElo "2671"]
[Annotator "RC"]
[PlyCount "78"]
[EventDate "2022.09.30"]
[EventCountry "SVK"]
[SourceTitle "playchess.com"]
[Source "ChessBase"]
[SourceQuality "1"]
[TimeControl "2700+10"]

1. e4 c5 2. Nf3 d6 3. d4 cxd4 4. Nxd4 Nf6 5. Nc3 a6 6. Bg5 Nbd7 7. Qe2 h6 8. Bh4 g5 9. Bg3 e6 10. O-O-O Qc7 11. h4 Rg8 12. hxg5 hxg5 13. a3 Ne5 14. Qd2 Bd7 15. f3 Rb8 16. a4 Rc8 17. Kb1 Qc5 18. Nb3 Qb4 19. Qd4 Qxd4 20. Rxd4 g4 21. f4 Rxc3 22. bxc3 Nc6 23. Bd3 Nxd4 24. cxd4 Bxa4 25. Nd2 d5 26. e5 Bb4 27. Kc1 Nd7 28. Nb1 Bb5 29. Bxb5 axb5 30. Be1 Bxe1 31. Rxe1 Rh8 32. Nc3 Rh2 33. Rg1 Nb6 34. Kd2 Nc4+ 35. Ke2 Na3 36. Kd3 Kd7 37. Nd1 Rh8 38. g3 b4 39. c3 b3 0-1

[Event "Slovakia Open 2022"]
[Site "Bratislava"]
[Date "2022.10.02"]
[Round "8.5"]
[White "Kraus, Tomas"]
[Black "Slovak, Kilian"]
[Result "1-0"]
[ECO "D77"]
[WhiteElo "2479"]
[BlackElo "2278"]
[Annotator "TA"]
[PlyCount "69"]
[EventDate "2022.09.30"]
[EventCountry "SVK"]
[SourceTitle "playchess.com"]
[Source "ChessBase"]
[SourceQuality "1"]
[TimeControl "2700+10"]

1. d4 Nf6 2. g3 g6 3. Bg2 d5 4. c4 e6 5. Nf3 Bg7 6. O-O O-O 7. Nc3 $1 {[%emt 0:01:40] 7.Nc3 scores better than 7.Qc2.} dxc4 8. Qa4 {[%emt 0:03:54] D77: Fianchetto Grünfeld: 6 0-0: Replies other than 6...c6.} Bd7 9. Qxc4 Bc6 {[%emt 0:00:01] Prevents e4.} 10. Bg5 {[%emt 0:06:13] White is better.} h6 11. Bxf6 Bxf6 12. e4 Nd7 {[%emt 0:03:17] [#]} 13. Rfd1 $146 ({Predecessor:} 13. Rad1 Nb6 14. Qb3 Qe8 15. Qc2 Rd8 16. Rfe1 e5 17. d5 Bd7 18. h3 Bg7 19. Qe2 {½-½ (43) Schmid,E (1960)-Seifert,M (1932) Ditzingen 2008}) 13... Bg7 14. b4 Nb6 15. Qb3 a5 16. b5 $1 a4 17. Qb4 Bd7 18. Rac1 Re8 19. h4 Qe7 20. Qb1 Rec8 21. e5 Nd5 22. Nd2 Nxc3 23. Rxc3 Ra5 24. Bf1 {[%emt 0:00:01] White is more active.} ({Don't do} 24. Bxb7 Rxb5 25. Qe4 Rb8 26. Rxc7 Qd8 27. Rxd7 (27. Rdc1 Rb2 $11) 27... Qxd7) 24... c5 $2 (24... Be8 $16) 25. Rdc1 b6 {[%emt 0:00:02] [#]} 26. f4 (26. Ne4 $1 $18) 26... Bf8 $2 (26... f5 $16) 27. Ne4 $18 {[%emt 0:00:38] Threatens to win with dxc5.} Qd8 28. h5 {[%emt 0:00:39] Hoping for hxg6.} ({Resist} 28. dxc5 $6 Bxc5+ 29. Nxc5 bxc5 $18) 28... cxd4 $2 (28... Kg7 29. hxg6 (29. dxc5 Bxc5+ 30. Kh2 Qe7 $18) 29... fxg6 30. dxc5 bxc5) 29. Rxc8 Bxc8 30. hxg6 fxg6 31. Nd6 Bd7 32. Qxg6+ Bg7 33. Qf7+ Kh8 {[%emt 0:00:01] [#]} 34. Nb7 (34. Rc7 $142 $3 Ra8 35. Rxd7 Qg8 36. Qg6 Qh7 37. Nf7+ Kg8 38. Qxe6 Rf8 39. Ng5+ Kh8 40. Nxh7) 34... Qa8 35. Qxd7 {[%emt 0:00:11] Weighted Error Value: White=0.17 (very precise) /Black=0.78} 1-0

[Event "Slovakia Open 2022"]
[Site "Bratislava"]
[Date "2022.10.02"]
[Round "8.6"]
[White "Yankelevich, Lev"]
[Black "Nytra, Ondrej"]
[Result "1-0"]
[ECO "D27"]
[WhiteElo "2484"]
[BlackElo "2233"]
[Annotator "TA RC"]
[PlyCount "50"]
[EventDate "2022.09.30"]
[EventCountry "SVK"]
[SourceTitle "playchess.com"]
[Source "ChessBase"]
[SourceQuality "1"]
[TimeControl "2700+10"]

1. Nf3 d5 2. d4 c6 3. c4 e6 4. e3 Nf6 5. Bd3 dxc4 6. Bxc4 b5 7. Bd3 Bb7 8. O-O a6 9. e4 c5 10. e5 c4 {[%emt 0:00:48] [#] D27: Queen's Gambit Accepted: Classical main line: 7 e4!? and 7 a4.} 11. exf6 $146 (11. Bxc4 {feels hotter.} bxc4 12. exf6 gxf6 13. Nc3) ({Predecessor:} 11. Bc2 Nd5 12. Nbd2 Nc6 13. Ne4 h6 14. a3 Be7 15. Qe2 Qb6 16. Rd1 Na5 17. Be3 Nb3 18. Bxb3 Nxe3 19. Qxe3 cxb3 {1-0 (57) Garcia Ilundain,D (2485)-Oms Pallisse,J (2440) Salamanca 1998}) 11... cxd3 12. fxg7 Bxg7 {[%emt 0:00:03] White is slightly better.} 13. Qxd3 (13. Bg5 $5 Bf6 14. Bxf6 Qxf6 15. Nbd2 $11 (15. Qxd3 Bxf3 16. Qxf3 Qxf3 $15)) 13... Nc6 14. Bg5 {[%emt 0:00:55] [#]} (14. Rd1 $142) 14... Qd7 (14... Ne5 $1 $11 15. Nxe5 Qxg5) 15. Nc3 ({White should try} 15. Rd1 $14) 15... Nxd4 $11 16. Nxd4 Bxd4 {[%emt 0:00:55] This bishop pair is nice.} 17. Be3 {[%emt 0:04:02] [#]} Rg8 $1 18. f3 (18. Qxd4 Rxg2+ 19. Kh1 Qxd4 20. f3 Qg4 $3 21. Ne4 Bxe4 $1 22. fxe4 Qxe4 23. Rf4 Qb7 24. h4 Rxb2+) 18... Bxc3 (18... Be5 $142 19. Qxd7+ Kxd7) 19. Qxc3 Rc8 20. Qf6 {[%emt 0:01:14] Black must now prevent Bg5.} Qd3 $2 {[%emt 0:02:54] Black cannot hold the game after this.} (20... Qd8 $11 21. Qh6 Qd3) 21. Bg5 $1 $18 Qd6 {[%emt 0:03:08] [#] Against Qe7+. Threatens to win with ...Qc5+.} 22. Rac1 {[%emt 0:03:27] Prevents Qc5+.} Rg6 $2 (22... Rxc1 23. Rxc1 h6 24. Bxh6 Qd8) 23. Rxc8+ {[%emt 0:01:35] White is clearly winning.} Bxc8 24. Qh8+ Qf8 {[%emt 0:00:02] [#]} 25. Rd1 $1 Qxh8 {[%emt 0:03:15] Weighted Error Value: White=0.20 (precise) /Black=0.61} (25... Rxg5 26. Rd8+) 1-0